[Event "*** Titled Tuesday 3|2 Blitz"]
[Site "Chess.com"]
[Date "2017.06.06"]
[Round "9"]
[White "yurisolo"]
[Black "tigra"]
[Result "1-0"]
[WhiteElo "2524"]
[BlackElo "2640"]
[TimeControl "180+2"]
[EndTime "15:47:55 PDT"]
[Termination "yurisolo won on time"]

1. e4 e6 2. d4 d5 3. Nc3 Bb4 4. Ne2 dxe4 5. a3 Bxc3+ 6. Nxc3 Nc6 7.
d5 exd5 8. Qxd5 Nf6 9. Qxd8+ Nxd8 10. Bg5 Nd7 11. Nxe4 Ne6 12. Bh4 f5 13. Ng5 Ndc5 14.
O-O-O h6 15. Nxe6 Bxe6 16. f3 Kf7 17. Bf2 Nd7 18. Bc4 Rhd8 19. Bxe6+ Kxe6 20. Rhe1+ Kf6 21. Bd4+ Kf7 22. Bxg7 h5 23. Bc3 1-0

[Event "*** Titled Tuesday 3|2 Blitz"]
[Site "Chess.com"]
[Date "2017.06.06"]
[Round "9"]
[White "sergiochess83"]
[Black "1stSecond"]
[Result "1-0"]
[WhiteElo "2657"]
[BlackElo "2524"]
[TimeControl "180+2"]
[EndTime "15:48:17 PDT"]
[Termination "sergiochess83 won by resignation"]

1. e4 c5 2. Nf3 e6 3. d4 cxd4 4.
Nxd4 Nc6 5. Nc3 Qc7 6. f4 a6 7.
Nxc6 bxc6 8. Bd3 d5 9. O-O Nf6 10. Qe2 Bc5+ 11. Kh1 O-O 12. Bd2 Be7 13. Rae1 d4 14.
Na4 c5 15. b3 Bd7 16. Nb2 a5 17. a4 Bc6 18. Nc4 Rfe8 19. Qf3 g6 20. Qh3 Bf8 21.
Qh4 Bg7 22. Re2 Nd7 23. Qe1 Qb8 24. Nxa5 Bb7 25. Bb5 Qc7 26. f5 exf5 27. Nxb7 Qxb7 28. exf5 Rxe2 29. Qxe2 Ne5 30. f6 Bf8 31. Qxe5 Qc7 32. Qxc7 1-0

[Event "*** Titled Tuesday 3|2 Blitz"]
[Site "Chess.com"]
[Date "2017.06.06"]
[Round "9"]
[White "Schemato"]
[Black "ProfCalculus"]
[Result "1-0"]
[WhiteElo "2296"]
[BlackElo "2154"]
[TimeControl "180+2"]
[EndTime "15:48:18 PDT"]
[Termination "Schemato won on time"]

1. c4 e5 2. g3 Nc6 3. Nc3 f5 4. Nf3 e4 5. Nh4 d6 6. d3 exd3 7. Qxd3 g6 8. Bg2 Bg7 9. b3 Ne5 10. Qd2 Nf6 11. Bb2 O-O 12. Rd1 Qe7 13. O-O Rd8 14. Nf3 Nxf3+ 15. Bxf3 c6 16. Rfe1 Ne4 17.
Qc2 Re8 18. Nxe4 fxe4 19. Bxg7 Kxg7 20. Bg2 Bf5 21. e3 Rad8 22. Rd4 Qe5 23. Red1 h5 24. Qd2 Re6 25. h4 Kh7 26. Kh2 1-0

[Event "*** Titled Tuesday 3|2 Blitz"]
[Site "Chess.com"]
[Date "2017.06.06"]
[Round "9"]
[White "FearlessKing64"]
[Black "TamNguyen2"]
[Result "0-1"]
[WhiteElo "2143"]
[BlackElo "2132"]
[TimeControl "180+2"]
[EndTime "15:48:19 PDT"]
[Termination "TamNguyen2 won by resignation"]

1. e4 e5 2. Nf3 Nc6 3. Bc4 Be7 4.
d4 d6 5. h3 Nf6 6. Nc3 O-O 7. Be3 Nxe4 8. Nxe4 d5 9. Nxe5 Nxe5 10.
Bb3 Ng6 11. Ng3 Nh4 12. O-O Bg5 13. f4 Bf6 14. Nh5 c6 15. c3 Re8 16. Bf2 Nf5 17. Qf3 Be7 18. Bc2 g6 19. Ng3 Nh4 20. Qd3 Qd6 21. Qd2 Bxh3 22. f5 Bxg2 23. Qh6 Bxf1 24. Rxf1 Bg5 25. fxg6 Bxh6 26. gxf7+ Kxf7 27. Be3+ Kg7 28. Bxh6+ Kxh6 29. Nf5+ Nxf5 30. Rxf5 Qg3+ 0-1

[Event "*** Titled Tuesday 3|2 Blitz"]
[Site "Chess.com"]
[Date "2017.06.06"]
[Round "9"]
[White "andreimacovei2000"]
[Black "Fins0905"]
[Result "1-0"]
[WhiteElo "2393"]
[BlackElo "2399"]
[TimeControl "180+2"]
[EndTime "15:48:20 PDT"]
[Termination "andreimacovei2000 won by resignation"]

1. e4 c5 2. Nf3 e6 3. d4 cxd4 4.
Nxd4 a6 5. Nc3 Qc7 6. Bd3 Nf6 7. f4 d6 8. Qf3 Nbd7 9. g4 Nc5 10. g5 Nfd7 11. Be3 b5 12. a3 Bb7 13. O-O-O g6 14. Kb1 O-O-O 15. h4 e5 16. Nde2 f5 17. gxf6 exf4 18.
Qxf4 Ne5 19. Nd4 h5 20. Qg3 Bh6 21. Bg5 Kb8 22. Nd5 Bxd5 23. exd5 Qf7 24. Rhe1 Ncxd3 25. Rxd3 Qxd5 26. Rdd1 Bxg5 27. hxg5 h4 28. Qh3 Rc8 29. Ne6 Qf3 30. Qxf3 Nxf3 31. Rf1 Ne5 32. f7 Nd7 33. Rxd6 Nf8 34. Nxf8 Rcxf8 35. Rxg6 h3 36. Rh6 Rxh6 37. gxh6 h2 38. h7 Kc7 39. Rh1 1-0

[Event "*** Titled Tuesday 3|2 Blitz"]
[Site "Chess.com"]
[Date "2017.06.06"]
[Round "9"]
[White "ArnaudovP"]
[Black "ehrenfeld"]
[Result "1-0"]
[WhiteElo "2427"]
[BlackElo "2384"]
[TimeControl "180+2"]
[EndTime "15:48:26 PDT"]
[Termination "ArnaudovP won by resignation"]

1. e4 d6 2. d4 g6 3. Nc3 Bg7 4.
Be3 a6 5. g4 b5 6. Bg2 Bb7 7. a4 b4 8. Nd5 a5 9. c3 e6 10. Nf4 bxc3 11. bxc3 Nd7 12. Nge2 Rb8 13. O-O Ngf6 14. g5 Ng8 15. Ng3 Ne7 16. h4 O-O 17. h5 e5 18. Nfe2 d5 19. hxg6 hxg6 20. Rb1 dxe4 21. Nxe4 Nf5 22. N2g3 Ba6 23. Re1 Nxg3 24. Nxg3 Rxb1 25. Qxb1 Nb6 26. Qe4 Re8 27. d5 Bc4 28.
Rd1 Bb3 29. Rd2 Qd7 30. d6 Nxa4 31. Qc6 Qxc6 32. Bxc6 Rc8 33. Bb7 Rf8 34. dxc7 Nxc3 35. Rd8 Be6 36. Bc5 a4 37. Bxf8 Bxf8 38. c8=Q Bxc8 39. Rxc8 Ne2+ 40. Nxe2 1-0

[Event "*** Titled Tuesday 3|2 Blitz"]
[Site "Chess.com"]
[Date "2017.06.06"]
[Round "9"]
[White "GianmarcoVaR"]
[Black "metalbattler"]
[Result "1-0"]
[WhiteElo "2433"]
[BlackElo "2036"]
[TimeControl "180+2"]
[EndTime "15:48:26 PDT"]
[Termination "GianmarcoVaR won by checkmate"]

1. d4 d5 2. Nf3 c6 3. e3 Nf6 4. c4 e6 5. b3 Bb4+ 6. Nbd2 Qe7 7. Bd3 e5 8. Nxe5 Nbd7 9. Nf3 Ne4 10. O-O Ndf6 11. a3 Bd6 12. Bb2 h5 13. Ne5 g5 14. f3 Nxd2 15. Qxd2 g4 16. f4 Rg8 17.
Qc2 Be6 18. b4 g3 19. h3 Qd8 20. c5 Bc7 21. b5 Ne4 22. bxc6 bxc6 23. f5 Bxe5 24. fxe6 Bf6 25. Bxe4 dxe4 26. Qxe4 Rg5 27. Qxc6+ Kf8 28. Rxf6 Qxf6 29. Rf1 Qd8 30. Rxf7+ Kg8 31.
Qe4 Rb8 32. Qh7# 1-0

[Event "*** Titled Tuesday 3|2 Blitz"]
[Site "Chess.com"]
[Date "2017.06.06"]
[Round "9"]
[White "wonderfultime"]
[Black "Frolik67"]
[Result "1-0"]
[WhiteElo "2653"]
[BlackElo "2323"]
[TimeControl "180+2"]
[EndTime "15:48:30 PDT"]
[Termination "wonderfultime won by resignation"]

1. d4 e6 2. Nf3 d5 3. c4 c6 4. Nc3 dxc4 5. e3 b5 6. a4 Bb4 7.
Bd2 a5 8. axb5 Bxc3 9. Bxc3 cxb5 10. b3 Bb7 11. bxc4 b4 12. Bb2 Nf6 13. Bd3 O-O 14.
O-O Nbd7 15. Re1 Qc7 16. Nd2 a4 17. Qc2 a3 18. Bc1 e5 19. Nb3 e4 20. Be2 Nb6 21. Bd2 Rfc8 22. Nc5 Nfd7 23. Bxb4 Nxc5 24. Bxc5 Nd7 25.
Bxa3 Ra6 26. Bb2 Rh6 27. h3 g5 28. d5 Bxd5 29. Qc3 f6 30. Qd4 Be6 31. Ra7 Qc6 32. Rea1 Nc5 33. Rd1 g4 34. Qd8+ Qe8 35. Qxe8+ Rxe8 36. hxg4 Rg6 37. Rd6 Bxg4 38. Bxg4 Rxg4 39. Rxf6 Nd3 40.
Bd4 Ne1 41. Kf1 Nxg2 42. Rh6 Nh4 43. Raxh7 Nf3 44. Rh8+ Kf7 45. R6h7+ Kg6 46. Rg7+ Kf5 47. Rxg4 Rxh8 48. Rf4+ Kg5 49. Bxh8 1-0

[Event "*** Titled Tuesday 3|2 Blitz"]
[Site "Chess.com"]
[Date "2017.06.06"]
[Round "9"]
[White "Spinaltap"]
[Black "Margency"]
[Result "0-1"]
[WhiteElo "2506"]
[BlackElo "2547"]
[TimeControl "180+2"]
[EndTime "15:48:59 PDT"]
[Termination "Margency won by resignation"]

1. d4 Nf6 2. c4 e6 3. Nc3 Bb4 4.
Qc2 O-O 5. Nf3 c5 6. dxc5 Na6 7. g3 Nxc5 8. Bg2 b6 9. O-O Bb7 10. Nb5 Be4 11. Qd1 Nb7 12. a3 Be7 13. Nc3 Bc6 14. b4 Rc8 15. Bb2 Nd6 16. Qb3 Nxc4 17. Qxc4 Bxf3 18. Qa6 Bxg2 19. Kxg2 d5 20. Rfd1 Qd7 21.
Rd3 Qc6 22. Nb5 d4+ 23. Kg1 e5 24. Nxa7 Qa8 25. Qxb6 Rc2 26. Rb1 Rb8 27. Qa5 Rxe2 28. Ba1 Qe4 29. Qa6 0-1

[Event "*** Titled Tuesday 3|2 Blitz"]
[Site "Chess.com"]
[Date "2017.06.06"]
[Round "9"]
[White "Hikaru"]
[Black "TenisMaster"]
[Result "1-0"]
[WhiteElo "2923"]
[BlackElo "2690"]
[TimeControl "180+2"]
[EndTime "15:49:01 PDT"]
[Termination "Hikaru won by resignation"]

1. d4 d5 2. c4 c6 3. Nf3 Nf6 4. Nc3 e6 5. Bg5 Nbd7 6. e3 h6 7.
Bh4 g5 8. Bg3 Nh5 9. Bd3 Nxg3 10. hxg3 Bg7 11. Qc2 Qe7 12. cxd5 exd5 13. Bf5 Nb6 14.
O-O-O Bxf5 15. Qxf5 Nc4 16. Qc2 Nd6 17. Rde1 f5 18. g4 fxg4 19. Nh2 Qe6 20. Nxg4 O-O-O 21. f3 Kb8 22. Kb1 h5 23. Nf2 g4 24. Nd3 gxf3 25. gxf3 Nf5 26. Nd1 h4 27. Nc5 Qf7 28. f4 Bf8 29. Nd3 Bd6 30. N1f2 Ng3 31. Rh3 Qf5 32. Ne5 Bxe5 33. dxe5 Qxc2+ 34. Kxc2 Rdg8 35. Kd3 Nf5 36. e4 dxe4+ 37. Kxe4 Rh5 38. Rd1 Kc7 39. Rhd3 Rg3 40. Rxg3 hxg3 41. Ng4 Nh4 42. Nf6 Rh6 43. f5 g2 44. Rg1 Kd8 45. Kf4 Rh8 46. Kg4 Ke7 47. Ne4 Kf7 48. Ng5+ Ke7 49. f6+ Kd7 50. e6+ Kd6 51. Nf7+ 1-0

[Event "*** Titled Tuesday 3|2 Blitz"]
[Site "Chess.com"]
[Date "2017.06.06"]
[Round "9"]
[White "Quiet_Desperation"]
[Black "northridgehawk"]
[Result "1/2-1/2"]
[WhiteElo "1991"]
[BlackElo "2126"]
[TimeControl "180+2"]
[EndTime "15:49:07 PDT"]
[Termination "Game drawn by repetition"]

1. e4 e6 2. d4 d5 3. Nc3 Nf6 4. e5 Nfd7 5. f4 c5 6. Nf3 Nc6 7. Be3 cxd4 8. Nxd4 Bc5 9. Qd2 O-O 10. O-O-O a6 11. h4 Nxd4 12. Bxd4 b5 13. Kb1 b4 14.
Ne2 a5 15. h5 Ba6 16. Nc1 Qc7 17. Nb3 a4 18. Nxc5 Nxc5 19. h6 g6 20. Bxa6 Rxa6 21. f5 exf5 22. Qxb4 Ne6 23. Qc3 Qb7 24. Rh3 Rc8 25.
Qd3 Rc4 26. Be3 Rb4 27. Bc1 Rab6 28. b3 axb3 29. cxb3 d4 30. Bb2 Nf4 31. Qg3 Qe4+ 32. Ka1 Nxh3 33. gxh3 Rxb3 34. Qg5 f6 35. Qc1 Rxb2 36.
Qc8+ Kf7 37. Qd7+ Kf8 38. Qd8+ Kf7 39. Qd7+ Kf8 40. Qd8+ Kf7 41. Qd7+ Kf8 42. Qd8+ 1/2-1/2

[Event "*** Titled Tuesday 3|2 Blitz"]
[Site "Chess.com"]
[Date "2017.06.06"]
[Round "9"]
[White "proxy6"]
[Black "Vamostodorecto"]
[Result "1-0"]
[WhiteElo "2314"]
[BlackElo "2316"]
[TimeControl "180+2"]
[EndTime "15:49:09 PDT"]
[Termination "proxy6 won by resignation"]

1. e4 e5 2. Nf3 Nc6 3. Bb5 a6 4.
Ba4 Nf6 5. O-O b5 6. Bb3 Bb7 7.
Re1 Bc5 8. Nc3 d6 9. Nd5 O-O 10. d3 h6 11. c3 Na5 12. Nxf6+ Qxf6 13. Bc2 Nc6 14. Be3 Rad8 15. a3 Kh8 16. d4 exd4 17.
cxd4 Bb6 18. Qd3 Qg6 19. Nh4 Qg4 20. g3 Rfe8 21. f3 Qe6 22. d5 Bxe3+ 23. Rxe3 Qe5 24. dxc6 Bxc6 25. Qc3 Bb7 26. Qxe5 Rxe5 27. f4 Rc5 28. Re2 Re8 29. Rae1 Rc4 30. Bb3 Rcxe4 31. Rxe4 Rxe4 32.
Rxe4 Bxe4 33. Bxf7 d5 34. Bg6 1-0

[Event "*** Titled Tuesday 3|2 Blitz"]
[Site "Chess.com"]
[Date "2017.06.06"]
[Round "9"]
[White "Federtiu"]
[Black "Kawhi_Leonard2"]
[Result "1-0"]
[WhiteElo "2453"]
[BlackElo "2202"]
[TimeControl "180+2"]
[EndTime "15:49:15 PDT"]
[Termination "Federtiu won on time"]

1. e4 c5 2. Nf3 d6 3. d4 cxd4 4.
Nxd4 Nf6 5. Nc3 g6 6. Be3 Bg7 7.
f3 Nc6 8. Qd2 O-O 9. g4 Be6 10.
Nxe6 fxe6 11. O-O-O Ne5 12. Be2 Qc8 13. h4 Nfd7 14. f4 Nc4 15. Bxc4 Qxc4 16. e5 Rad8 17.
exd6 Nf6 18. dxe7 Rxd2 19. exf8=Q+ Kxf8 20. Bxd2 Nxg4 21. Rde1 b5 22. Re4 Qc6 23. Rhe1 Bf6 24. Rxe6 Qd7 25. R6e2 Bxh4 26. Rh1 Bf6 27. Ne4 Be7 28.
Ng5 h5 29. Rhe1 Bd6 30. Re6 Kg7 31. Bc3+ Kh6 32. Rxd6 1-0

[Event "*** Titled Tuesday 3|2 Blitz"]
[Site "Chess.com"]
[Date "2017.06.06"]
[Round "9"]
[White "cstefan"]
[Black "ViIIagra"]
[Result "1-0"]
[WhiteElo "2250"]
[BlackElo "2582"]
[TimeControl "180+2"]
[EndTime "15:49:19 PDT"]
[Termination "cstefan won by resignation"]

1. Nf3 d5 2. g3 g6 3. Bg2 Bg7 4. O-O c5 5. d3 Nc6 6. Nbd2 e5 7. e4 d4 8. a4 Nge7 9. Nc4 O-O 10. Ne1 Be6 11. Bd2 Bxc4 12. dxc4 Nc8 13. Nd3 b6 14. h4 Nd6 15. b3 Rc8 16. Bh3 Nxe4 17. Bxc8 Qxc8 18. Re1 f5 19. a5 Re8 20. axb6 axb6 21. h5 g5 22. g4 Nxd2 23. Qxd2 e4 24. Qxg5 h6 25. Qxf5 exd3 26. Rxe8+ Qxe8 27. cxd3 Ne7 28.
Qe6+ Qf7 29. Ra8+ Bf8 30. Qe4 Kg7 31. Qe5+ Kg8 32. f4 Qg7 33. Qe6+ Qf7 34. Qxh6 b5 35.
cxb5 Nd5 36. f5 Qe7 37. Qg6+ Kh8 38. Re8 1-0

[Event "*** Titled Tuesday 3|2 Blitz"]
[Site "Chess.com"]
[Date "2017.06.06"]
[Round "9"]
[White "fidetrainerNET"]
[Black "bugbug01052018"]
[Result "1-0"]
[WhiteElo "2113"]
[BlackElo "1923"]
[TimeControl "180+2"]
[EndTime "15:49:24 PDT"]
[Termination "fidetrainerNET won by resignation"]

1. e4 c5 2. Nf3 d6 3. d4 cxd4 4. c3 Nf6 5. Bc4 dxc3 6. Nxc3 e6 7. Qe2 Qc7 8. O-O a6 9. Bf4 Nc6 10. Rac1 Be7 11. e5 dxe5 12. Nxe5 Nxe5 13. Bxe5 Bd6 14.
Bxf6 Bxh2+ 15. Kh1 gxf6 16. g3 Bxg3 17. fxg3 Qxg3 18.
Qh2 Qxh2+ 19. Kxh2 Bd7 20. Rxf6 Rc8 21. Bd3 Ke7 22. Rcf1 Be8 23. Ne4 Rd8 24. Bc2 Bc6 25.
Ng5 Rd2+ 26. R1f2 Rxf2+ 27. Rxf2 f6 28. Ne4 f5 29. Nc5 Kd6 30. b4 a5 31. Rd2+ Ke7 32. bxa5 Ra8 33. Bb3 Rxa5 34. Nxe6 Re5 35. Nd4 Kf6 36.
Nxc6 bxc6 37. Rd6+ Kg5 38. Rxc6 h5 39. Re6 Rc5 40. Re8 Kf4 41. Rh8 Kg4 42. Bd1+ Kf4 43.
Rxh5 Rc1 44. Bb3 Re1 45. Rh4+ Ke3 46. Kg2 f4 47. Rh3+ Ke4 48. Kf2 Ra1 49. Bc2+ Kd4 50. Bb3 Ke4 51. Rh7 Rc1 52. Re7+ Kd4 53. Re1 Rc7 54.
Kf3 Rh7 55. Kxf4 Rh2 56. Rd1+ Kc3 57. Ke3 Rh3+ 58. Ke4 Rh4+ 59. Kd5 Rh5+ 60. Kc6 Rh6+ 61. Kb5 Rh5+ 62. Ka4 Rh4+ 63. Ka3 Rh8 64. Rc1+ Kd2 65.
Rc4 Kd3 66. Rc5 Kd4 67. Kb4 Kd3 68. Rd5+ Ke4 69. a4 Rb8+ 70. Rb5 Rd8 71. a5 Ra8 72.
Bd5+ 1-0

[Event "*** Titled Tuesday 3|2 Blitz"]
[Site "Chess.com"]
[Date "2017.06.06"]
[Round "9"]
[White "robbykevlishvili"]
[Black "saraswathii"]
[Result "1-0"]
[WhiteElo "2122"]
[BlackElo "2270"]
[TimeControl "180+2"]
[EndTime "15:49:25 PDT"]
[Termination "robbykevlishvili won by resignation"]

1. e4 c5 2. b4 cxb4 3. a3 e6 4.
axb4 Bxb4 5. c3 Be7 6. d4 d5 7. e5 Nc6 8. Ba3 a6 9. Nf3 Bxa3 10. Nxa3 Nge7 11. Nb5 O-O 12. Nd6 Nf5 13. Nxf5 exf5 14.
Bd3 Be6 15. O-O Rc8 16. Qd2 Na5 17. Rfb1 b5 18. Qa2 Nc4 19. Qxa6 g6 20. Qxb5 Rb8 21. Qxb8 Qxb8 22. Rxb8 Rxb8 23. Rb1 Ra8 24. Ng5 Nd2 25. Rd1 Ne4 26. Bxe4 fxe4 27. c4 dxc4 28. Nxe4 Rd8 29. d5 Kg7 30. Nc3 Bf5 31. f4 h6 32. Kf2 Ra8 33.
Ke3 Rc8 34. Kd4 g5 35. g3 Bd3 36. Ra1 Rb8 37. Ra7 Kg6 38. d6 gxf4 39. gxf4 Rd8 40. Nd5 h5 41. Ne7+ Kh6 42. Nc6 1-0

[Event "*** Titled Tuesday 3|2 Blitz"]
[Site "Chess.com"]
[Date "2017.06.06"]
[Round "9"]
[White "jcibarra"]
[Black "AkshatChandra"]
[Result "1-0"]
[WhiteElo "2657"]
[BlackElo "2721"]
[TimeControl "180+2"]
[EndTime "15:49:30 PDT"]
[Termination "jcibarra won on time"]

1. e4 e5 2. Nf3 Nc6 3. Bb5 Nf6 4.
O-O Nxe4 5. d4 Nd6 6. dxe5 Nxb5 7. a4 Nbd4 8. Nxd4 Nxd4 9. Qxd4 d5 10. Nc3 c6 11. Qd3 Be7 12. Qg3 g5 13. Ne2 h5 14.
Nd4 h4 15. Qd3 Be6 16. f4 gxf4 17. Bxf4 Qb6 18. a5 Qc7 19. a6 b6 20. b4 O-O-O 21.
Qc3 Kd7 22. Rad1 Rdg8 23. Rd2 h3 24. g3 Qc8 25. Qb3 Qxa6 26. b5 cxb5 27. Nxb5 Bc5+ 28. Kh1 d4 29. Qd3 Qa2 30. Nd6 Qd5+ 31. Kg1 Kc6 32. Re2 a5 33. Bc1 Kc7 34. Ba3 Bxa3 35. Qxa3 Rh5 36. c4 dxc3 37. Qxc3+ Qc5+ 38. Re3 Rgg5 39. Qd2 Rf5 40. Rc1 1-0

[Event "*** Titled Tuesday 3|2 Blitz"]
[Site "Chess.com"]
[Date "2017.06.06"]
[Round "9"]
[White "chessking2151"]
[Black "Aikiigm"]
[Result "0-1"]
[WhiteElo "2340"]
[BlackElo "2425"]
[TimeControl "180+2"]
[EndTime "15:49:36 PDT"]
[Termination "Aikiigm won by resignation"]

1. e4 Nf6 2. e5 Nd5 3. d4 d6 4. c4 Nb6 5. f4 Bf5 6. Nc3 e6 7. Nf3 Be7 8. Bd3 Bxd3 9. Qxd3 Nc6 10.
exd6 cxd6 11. Be3 O-O 12. O-O Rc8 13. b3 Bf6 14. Rac1 d5 15. c5 Nd7 16. Ne5 a6 17. a3 Bxe5 18. fxe5 Ndxe5 19. dxe5 d4 20. Ne4 dxe3 21. Nd6 Qg5 22. Nxc8 Rxc8 23. Rce1 Nxe5 24. Qxe3 Qxe3+ 25. Rxe3 Rxc5 26. Rd1 g5 27. h3 a5 28.
Rd8+ Kg7 29. Rb8 b5 30. Rd8 h5 31. b4 axb4 32. axb4 Rc1+ 33. Kh2 Ng6 34. Rb8 h4 35. Rxb5 Kf6 36. Rc5 Rb1 37. b5 Rb2 38. Kh1 Nf4 39.
g3 Nxh3 40. gxh4 Nf2+ 41. Kg1 g4 42. h5 Nh3+ 43. Kf1 Kg7 44. Rg3 f5 45. Rd3 Kh6 46. Rd6 Kxh5 47. Rxe6 Kh4 48. Rh6+ Kg3 49. Rc3+ Kf4 50.
b6 Ng5 51. Rhc6 Nf3 52. R3c4+ Kg3 53. Rc2 Rb1+ 54. Rc1 Rb2 55. R1c2 Rb5 56. Rd6 f4 57. Rg2+ Kh4 58. Rc2 Rb1+ 59. Ke2 Re1+ 60. Kf2 Rb1 61. Rc7 Rb2+ 62. Kf1 Kg3 0-1

[Event "*** Titled Tuesday 3|2 Blitz"]
[Site "Chess.com"]
[Date "2017.06.06"]
[Round "9"]
[White "amurdercastle"]
[Black "djano"]
[Result "0-1"]
[WhiteElo "2282"]
[BlackElo "2334"]
[TimeControl "180+2"]
[EndTime "15:49:56 PDT"]
[Termination "djano won by resignation"]

1. d4 f5 2. c4 Nf6 3. Nf3 e6 4. Nc3 Be7 5. e3 d6 6. Rb1 a5 7. a3 O-O 8. b4 axb4 9. axb4 Ne4 10.
Bb2 b6 11. Bd3 Bb7 12. Qc2 Nxc3 13. Bxc3 Nd7 14. O-O Nf6 15. Nd2 Qe8 16. e4 Qg6 17.
f3 fxe4 18. Nxe4 Nxe4 19. fxe4 Qg5 20. Qe2 e5 21. Bd2 Qg6 22. d5 Bg5 23. Bxg5 Qxg5 24. c5 Rxf1+ 25. Kxf1 Rf8+ 26. Kg1 Bc8 27. cxd6 Bg4 28.
Qe1 Bf3 29. Qg3 Qe3+ 30. Kh1 Qxd3 31. Rg1 Bxe4 32. dxc7 Qxd5 33. h3 Bf5 34. Rc1 Bc8 35.
Qg5 Bb7 36. Kh2 h6 37. Qg3 h5 38.
Rc2 Rc8 39. Qc3 h4 40. Qe3 Qd4 41. Qg5 Qf4+ 42. Qxf4 exf4 43. Kg1 Kf7 44. Rc4 g5 45. b5 Ke6 46. Kf2 Kd6 47. Rc3 0-1

[Event "*** Titled Tuesday 3|2 Blitz"]
[Site "Chess.com"]
[Date "2017.06.06"]
[Round "9"]
[White "Paul66666"]
[Black "Zufi1811"]
[Result "0-1"]
[WhiteElo "2506"]
[BlackElo "2355"]
[TimeControl "180+2"]
[EndTime "15:49:58 PDT"]
[Termination "Zufi1811 won by resignation"]

1. d4 Nf6 2. Bg5 d5 3. e3 c5 4. Bxf6 gxf6 5. c4 cxd4 6. exd4 Nc6 7. Nf3 Be6 8. Nc3 Qd7 9. Rc1 Bh6 10. Rc2 O-O-O 11.
c5 Kb8 12. Bb5 Bg4 13. O-O Rhg8 14. Kh1 Bf4 15. Bxc6 Qxc6 16. Qd3 e5 17. Ng1 e4 18. Qb5 Bd7 19. Qxc6 bxc6 20. b4 f5 21. a4 Kc7 22. b5 Rb8 23. Nge2 Bh6 24. g3 f4 25. bxc6 Kxc6 26. Kg1 a6 27. Rd1 Rb4 28. Nxe4 Bf5 29. f3 dxe4 30. d5+ Kd7 31. c6+ Kd6 32. fxe4 Bxe4 33.
Rc3 Rb2 34. Kf2 f3 35. Re1 fxe2 36. Rxe2 Rxe2+ 37. Kxe2 Bxd5 38. c7 Rc8 0-1

[Event "*** Titled Tuesday 3|2 Blitz"]
[Site "Chess.com"]
[Date "2017.06.06"]
[Round "9"]
[White "dinevmk"]
[Black "Shivagami"]
[Result "1-0"]
[WhiteElo "2059"]
[BlackElo "1985"]
[TimeControl "180+2"]
[EndTime "15:50:03 PDT"]
[Termination "dinevmk won by checkmate"]

1. Nf3 d5 2. g3 g6 3. Bg2 Bg7 4. O-O Nf6 5. c3 O-O 6. d4 c5 7. Nbd2 Nc6 8. e3 Bf5 9. h3 Ne4 10. Nh4 Nxd2 11. Bxd2 Be6 12. f4 f5 13. Kh2 Bf7 14. Nf3 h6 15. Rf2 Bf6 16. Qf1 e6 17. b3 g5 18. g4 Qc7 19. Kh1 cxd4 20. Nxd4 Nxd4 21. exd4 fxg4 22. hxg4 Bg6 23. f5 exf5 24.
Bxd5+ Bf7 25. Bxf7+ Rxf7 26. Rxf5 Raf8 27. Re1 Qg3 28. Re4 Bg7 29. Rxf7 Rxf7 30. Re8+ Bf8 31. Qg2 Qd3 32. Kg1 Kg7 33. c4 Qb1+ 34. Re1 Qxa2 35.
Rf1 Rxf1+ 36. Kxf1 Qxb3 37. Qd5 Qb1+ 38. Ke2 Qb2 39.
Kd3 Qb3+ 40. Bc3 a6 41. Qe5+ Kg8 42. d5 Bb4 43. Qg7# 1-0

[Event "*** Titled Tuesday 3|2 Blitz"]
[Site "Chess.com"]
[Date "2017.06.06"]
[Round "9"]
[White "Blitzstream"]
[Black "stefanodinn"]
[Result "1-0"]
[WhiteElo "2465"]
[BlackElo "2253"]
[TimeControl "180+2"]
[EndTime "15:50:13 PDT"]
[Termination "Blitzstream won on time"]

1. d4 d5 2. Bf4 Nf6 3. Nf3 e6 4.
e3 Bd6 5. Bg3 O-O 6. Bd3 b6 7.
Nbd2 Ba6 8. Ne5 Bxd3 9. cxd3 c5 10. dxc5 bxc5 11. O-O Qc7 12. Ndf3 Nc6 13. Nxc6 Qxc6 14.
Rc1 Rfc8 15. Rc2 Rab8 16. Qe2 Bxg3 17. hxg3 Qb5 18. Rfc1 h6 19. Nd4 Qb4 20. Nb3 Nd7 21. Qf3 a5 22. Qf4 a4 23. Nd4 e5 24. Qf5 exd4 25.
Qxd7 dxe3 26. Qxd5 exf2+ 27. Rxf2 Rc7 28. Rcf1 Qd4 29. Qc4 Qxc4 30. dxc4 Rb4 31. Rc1 Rcb7 32. Rcc2 Rd7 33. Rf3 Rd4 34. b3 axb3 35. axb3 g6 36. Ra2 Rd7 37. Ra5 Rdb7 38. Ra3 Kg7 39. Kf2 Re7 40.
Ra5 Reb7 41. Ra3 Re7 42. Re3 Reb7 43. Ke2 h5 44. Kd2 Rd7+ 45. Kc2 Rbb7 46. Ra5 Rbc7 47. Re5 Re7 48. Raxc5 Rxc5 49. Rxe7 Rg5 50. Re3 h4 51. b4 hxg3 52. b5 Kf6 53. b6 1-0

[Event "*** Titled Tuesday 3|2 Blitz"]
[Site "Chess.com"]
[Date "2017.06.06"]
[Round "9"]
[White "1lec"]
[Black "Colombiano07"]
[Result "0-1"]
[WhiteElo "2053"]
[BlackElo "2292"]
[TimeControl "180+2"]
[EndTime "15:50:25 PDT"]
[Termination "Colombiano07 won by resignation"]

1. e4 e6 2. d4 d5 3. Nd2 Nf6 4.
e5 Nfd7 5. Bd3 c5 6. c3 Nc6 7.
Ne2 cxd4 8. cxd4 f6 9. exf6 Nxf6 10. Nf3 Qc7 11. Bf4 Bd6 12. Bxd6 Qxd6 13. O-O O-O 14. h3 Bd7 15. Nc3 a6 16. Re1 Be8 17. Ne5 Qe7 18. a3 Rc8 19. Bc2 Nxe5 20. Rxe5 Bf7 21.
Qe2 Qd6 22. Re1 Qb6 23. Qd2 Kh8 24. Bb1 Bg8 25. Na4 Qd6 26. Nc5 Rxc5 27. dxc5 Qxc5 28.
Qe3 Qd6 29. Qd4 Rc8 30. Bd3 Nd7 31. Rh5 e5 32. Qh4 e4 33. Bb1 Nf6 34. Rg5 Qb6 35.
b4 Qd4 36. Qf4 Qc3 37. Qe3 Qxe3 38. fxe3 Rc3 39. Re5 Rxa3 40. Kf2 Rb3 41. Ba2 Rb2+ 42. Re2 Rxb4 43. g4 h6 44. Kg3 a5 45. h4 Rb6 46. g5 Nh5+ 47. Kg4 g6 48. gxh6 Kh7 49.
Bxd5 Bxd5 50. Re7+ Kxh6 51. Rf2 Be6+ 52. Rxe6 Rxe6 0-1

[Event "*** Titled Tuesday 3|2 Blitz"]
[Site "Chess.com"]
[Date "2017.06.06"]
[Round "9"]
[White "TrickyTrapChess"]
[Black "GMHess"]
[Result "0-1"]
[WhiteElo "2296"]
[BlackElo "2637"]
[TimeControl "180+2"]
[EndTime "15:50:31 PDT"]
[Termination "GMHess won by resignation"]

1. c4 g6 2. Nc3 Bg7 3. g3 c5 4.
Bg2 Nc6 5. Nf3 Nh6 6. O-O O-O 7. e3 Nf5 8. d3 a6 9. a3 Rb8 10. Rb1 b5 11. cxb5 axb5 12. e4 Nfd4 13. Nxd4 Nxd4 14.
Ne2 d6 15. Nxd4 Bxd4 16. Be3 Bg7 17. d4 Be6 18. d5 Bd7 19. Qc2 Qa5 20. b4 cxb4 21.
axb4 Qa6 22. Rfc1 Rfc8 23. Qd2 Qa3 24. Bf1 Bc3 25. Qd3 Qa2 26. Bd4 Bxd4 27. Qxd4 Qa3 28. Rxc8+ Rxc8 29. Ra1 Qf3 30. Bg2 Qf6 31. Qd1 Kg7 32. h4 Bg4 33. f3 Bd7 34. Kh2 Qb2 35. Rb1 Qe5 36. f4 Qc3 37. Rb3 Qc2 38. Qd4+ f6 39.
Rf3 Rc4 40. Qa7 Rc7 41. Qb6 Bg4 42. Rf2 Qc4 43. Qe3 Qxb4 44. Qd3 Qc4 45. Qe3 Qc5 46. Qe1 b4 47. e5 b3 48. exf6+ exf6 49. Bf3 Bxf3 50.
Rxf3 b2 51. Re3 Qc2+ 52. Kh3 b1=Q 53. Re7+ Kh6 54. g4 Qxe1 0-1

[Event "*** Titled Tuesday 3|2 Blitz"]
[Site "Chess.com"]
[Date "2017.06.06"]
[Round "9"]
[White "GMNeiksans"]
[Black "igorkovalenko"]
[Result "0-1"]
[WhiteElo "2669"]
[BlackElo "2648"]
[TimeControl "180+2"]
[EndTime "15:50:35 PDT"]
[Termination "igorkovalenko won by resignation"]

1. Nf3 Nf6 2. g3 g6 3. Bg2 Bg7 4. O-O O-O 5. c4 c5 6. d4 Nc6 7.
d5 Na5 8. Nbd2 d6 9. e4 a6 10. Rb1 b5 11. b3 Qc7 12. Bb2 Bg4 13. Qc2 bxc4 14. bxc4 Rab8 15. Bc3 Bxf3 16. Bxf3 Nd7 17. Be2 Rfc8 18. Nb3 Nxb3 19. axb3 Bxc3 20. Qxc3 Re8 21. Bd3 a5 22. Ra1 Rb4 23. Ra3 Reb8 24. Rfa1 a4 25. bxa4 Qa5 26. Bf1 Nb6 27. e5 Nd7 28. e6 fxe6 29.
Bh3 Nf6 30. Bxe6+ Kg7 31. Kg2 Qa6 32. Rc1 Rxa4 33. Rxa4 Qxa4 34. Ra1 Qb4 35. Qc1 Rb7 36. g4 h6 37. h4 Qb2 38. Qxb2 Rxb2 39. Ra7 Ne4 40.
Rxe7+ Kf6 41. Rf7+ Ke5 42. Kg1 g5 43. h5 Kd4 44.
Bf5 Nxf2 45. Re7 Nh3+ 46. Kf1 Nf4 47. Rh7 Ke3 48. Re7+ Kf3 49. Ke1 Re2+ 0-1